[Event "*** SCC Grand Prix: Titled Tuesday Blitz"]
[Site "Chess.com"]
[Date "2020.07.14"]
[Round "3"]
[White "JosefineHeinemann"]
[Black "EvgenyT"]
[Result "0-1"]
[WhiteElo "2637"]
[BlackElo "2919"]
[TimeControl "180+1"]
[EndTime "10:29:03 PDT"]
[Termination "EvgenyT won by resignation"]

1. e4 c6 2. d4 d5 3. Nd2 dxe4 4. Nxe4 Bf5 5. Ng3 Bg6 6. h4 h6 7. Nf3 Nd7 8. h5 Bh7 9. Bd3 Bxd3 10. Qxd3 e6 11. Bd2 Ngf6 12. O-O-O Be7 13. Ne4 Nxe4 14. Qxe4 Nf6 15. Qe2 Qd5 16. Kb1 Qe4 17. Be3 Rd8 18. Ne5 Nd5 19. Rh3 Bf6 20. Ng4 Nf4 21. Nxf6+ gxf6 22. Qg4 e5 23. Rhh1 Qxg2 24. Qf5 Qg5 25. Qe4 Rg8 26.
Rhe1 Kf8 27. dxe5 Rxd1+ 28. Rxd1 fxe5 29. Qb4+ Kg7 30. Qxb7 Qxh5 31. Rg1+ Kh7 32. Rc1 Nd5 33. Qxc6 Nxe3 34. fxe3 Qf5 35. a3 h5 36. Rh1 Rg6 37.
Qb7 Rh6 38. e4 Qg6 39. Rf1 Kg7 40. Rd1 h4 41. Rd8 h3 42. Rg8+ Kxg8 0-1

[Event "*** SCC Grand Prix: Titled Tuesday Blitz"]
[Site "Chess.com"]
[Date "2020.07.14"]
[Round "3"]
[White "VladimirBelous"]
[Black "K-Nygren"]
[Result "1-0"]
[WhiteElo "2730"]
[BlackElo "2469"]
[TimeControl "180+1"]
[EndTime "10:29:03 PDT"]
[Termination "VladimirBelous won by resignation"]

1. c4 Nf6 2. Nf3 c5 3. Nc3 Nc6 4. g3 g6 5. Bg2 Bg7 6. d4 cxd4 7. Nxd4 O-O 8. O-O d6 9. Bg5 Ne5 10. b3 a6 11. Qd2 Rb8 12. Rfd1 Bd7 13. a4 Re8 14. a5 Qc8 15. Nd5 Nxd5 16. cxd5 Bh3 17.
Rac1 Qd7 18. Rc2 Bxg2 19. Kxg2 Rbc8 20. Rdc1 Rxc2 21. Qxc2 Ng4 22. Qc4 h6 23. Bd2 Ne5 24. Qc2 Qg4 25. Bf4 h5 26. h3 Qd7 27. Qc7 Rd8 28.
Qxd7 Rxd7 29. Rc8+ Kh7 30. Ne6 f6 31. Bxe5 dxe5 32.
e4 f5 33. Nc5 Rd6 34. Nxb7 Rf6 35. Rc6 Rf8 36. f3 fxe4 37. fxe4 Bh6 38. Nc5 Be3 39. Nd3 Rb8 40. b4 Bd4 41. Rxa6 Rf8 42. Re6 h4 43.
gxh4 Kh6 44. Nxe5 Rf2+ 45. Kg3 Rb2 46. Rxg6+ Kh7 47. Re6 Rb3+ 48. Kg4 Bf2 49. Rxe7+ Kh6 50. Kf5 Bxh4 51. Ng4+ 1-0

[Event "*** SCC Grand Prix: Titled Tuesday Blitz"]
[Site "Chess.com"]
[Date "2020.07.14"]
[Round "3"]
[White "Artem_Sadovsky"]
[Black "northridgehawk"]
[Result "1-0"]
[WhiteElo "2551"]
[BlackElo "2355"]
[TimeControl "180+1"]
[EndTime "10:29:03 PDT"]
[Termination "Artem_Sadovsky won by resignation"]

1. Nf3 Nf6 2. c4 g6 3. b3 Bg7 4.
Bb2 O-O 5. g3 d5 6. Bg2 c6 7. O-O a5 8. d3 Nbd7 9. Nbd2 Re8 10.
Qc2 e5 11. cxd5 Nxd5 12. Nc4 Qc7 13. Rac1 f6 14. Nfd2 N7b6 15. Ne4 Be6 16. Nc5 Bf7 17. a3 h5 18. Rfd1 Bh6 19. e3 a4 20. b4 Kh7 21.
Na5 Ra7 22. d4 Nd7 23. Nxd7 Qxd7 24. dxe5 Qe6 25. Rxd5 cxd5 26. exf6 b6 27. Nc6 Rc7 28. Bd4 Rec8 29. b5 Kg8 30. Qxa4 Bf8 31. Bxb6 Rb7 32. Bd4 Rbc7 33. Qb3 Rxc6 34. bxc6 Rxc6 35. Rxc6 Qxc6 36. h4 Qc1+ 37. Kh2 Qe1 38. Qb2 g5 39. hxg5 h4 40. gxh4 Bd6+ 41. Be5 Bxe5+ 42. Qxe5 Qxf2 43. Qg3 Qa2 44. g6 Be6 45. Qb8+ 1-0

[Event "*** SCC Grand Prix: Titled Tuesday Blitz"]
[Site "Chess.com"]
[Date "2020.07.14"]
[Round "3"]
[White "ShimanovAlex"]
[Black "aliba25"]
[Result "1-0"]
[WhiteElo "2831"]
[BlackElo "2602"]
[TimeControl "180+1"]
[EndTime "10:29:04 PDT"]
[Termination "ShimanovAlex won by resignation"]

1. d4 Nf6 2. Bf4 g6 3. Nd2 Bg7 4. e4 O-O 5. c3 d6 6. Ngf3 c5 7. dxc5 dxc5 8. Be2 Nc6 9. O-O Bg4 10. Qc2 Nd7 11.
h3 Bxf3 12. Nxf3 Qb6 13. Rfd1 Rad8 14. Be3 Qc7 15. a4 b6 16. Bb5 Nde5 17. Nd2 Na5 18. f4 Nec6 19. Nf3 e6 20. e5 Ne7 21. g3 Qb7 22. Be2 Nc4 23. Bf2 Nf5 24. Bxc4 Qxf3 25.
Qe2 Qc6 26. Bb5 Qb7 27. a5 h5 28. a6 Qa8 29. Bd3 Qc8 30. Be4 Rxd1+ 31. Rxd1 Rd8 32.
Bb7 Qc7 33. g4 hxg4 34. hxg4 Nh6 35. Bh4 Rxd1+ 36. Qxd1 Bxe5 37. fxe5 Qxe5 38. Bf3 Qe3+ 39. Kg2 Kh7 40. Bf2 Qf4 41. Bg3 Qe3 42. Qe2 Qg5 43.
Bf2 f5 44. Qe3 Qe7 45. gxf5 gxf5 46. Bg3 Nf7 47. Qf4 Qf6 48. Qh4+ Kg6 49. Qxf6+ Kxf6 50. Bb8 e5 51. Bb7 e4 52. Bxa7 c4 53. Bxb6 1-0

[Event "*** SCC Grand Prix: Titled Tuesday Blitz"]
[Site "Chess.com"]
[Date "2020.07.14"]
[Round "3"]
[White "WeAintSurePal"]
[Black "stolencandy13"]
[Result "1/2-1/2"]
[WhiteElo "2274"]
[BlackElo "2435"]
[TimeControl "180+1"]
[EndTime "10:29:04 PDT"]
[Termination "Game drawn by repetition"]

1. d4 Nf6 2. c4 e5 3. dxe5 Ng4 4. Nf3 Bc5 5. e3 Nc6 6. Nc3 Ngxe5 7. Be2 O-O 8. Nxe5 Nxe5 9. O-O Re8 10. b3 a5 11.
Bb2 Ra6 12. Ne4 Ba7 13. Ng3 Rh6 14. Qd2 d6 15. Qxa5 Qh4 16. h3 Bxh3 17. Rfd1 Bxe3 18. Bxe5 dxe5 19. fxe3 Qxg3 20. Qd5 e4 21. Qxe4 Rhe6 22. Qf3 Rxe3 23. Qxg3 Rxg3 24. Bf3 Rg6 25. Kf2 Bg4 26. Re1 Be6 27. Bxb7 c5 28. Bf3 Rf6 29. Rad1 g5 30. Kg3 Rf4 31. Bd5 h5 32. Bxe6 h4+ 33. Kh2 fxe6 34.
Re5 Rf5 35. Rde1 Ref8 36. Rxe6 Kg7 37. Re7+ Kg6 38. Kh3 Rf2 39. R1e6+ R8f6 40. Rxf6+ Kxf6 41. Ra7 Rb2 42. Ra5 Kg6 43. Rxc5 Rxa2 44. Rb5 Rc2 45. c5 Rc3+ 46. Kh2 g4 47. b4 Kg5 48. Rb8 Rc1 49.
Rg8+ Kh5 50. Rh8+ Kg5 51. Rg8+ Kf4 52. Rf8+ Kg5 53. Rg8+ 1/2-1/2

[Event "*** SCC Grand Prix: Titled Tuesday Blitz"]
[Site "Chess.com"]
[Date "2020.07.14"]
[Round "3"]
[White "novocane"]
[Black "gagtemp"]
[Result "1-0"]
[WhiteElo "2251"]
[BlackElo "1933"]
[TimeControl "180+1"]
[EndTime "10:29:04 PDT"]
[Termination "novocane won by resignation"]

1. d4 d5 2. c4 e6 3. Nc3 c5 4. cxd5 exd5 5. Nf3 Nc6 6. g3 Nf6 7. Bg2 Be7 8. Bg5 O-O 9. O-O cxd4 10. Nxd4 h6 11. Be3 Bg4 12. Rc1 Qd7 13. Nxc6 bxc6 14. Na4 Rfe8 15. Re1 Rac8 16. Nc5 Bxc5 17. Bxc5 Bh3 18.
Bh1 Ne4 19. Qd4 Qf5 20. Bxa7 Re6 21. f3 Nd6 22. Qf2 Nb5 23. Bc5 Rce8 24. a4 Nd6 25.
Bxd6 Rxd6 26. b4 d4 27. Red1 Rde6 28. Rd2 Re3 29. Bg2 Bxg2 30. Kxg2 Qe6 31. Rcc2 Qb3 32. a5 Qxb4 33. a6 Qb6 34. Ra2 Qa7 35. Rdb2 Rb8 36.
Rxb8+ Qxb8 37. a7 Qa8 38. Qe1 Re7 39. Qb4 Rb7 40. Qxb7 Qxb7 41. a8=Q+ Qxa8 42. Rxa8+ Kh7 43. Rc8 Kg6 44. Rxc6+ f6 45. Rd6 h5 46. Rxd4 Kg5 47. h4+ Kg6 48. e4 1-0

[Event "*** SCC Grand Prix: Titled Tuesday Blitz"]
[Site "Chess.com"]
[Date "2020.07.14"]
[Round "3"]
[White "sasko1234"]
[Black "barbara25"]
[Result "1/2-1/2"]
[WhiteElo "2396"]
[BlackElo "2216"]
[TimeControl "180+1"]
[EndTime "10:29:05 PDT"]
[Termination "Game drawn by repetition"]

1. b3 Nf6 2. Bb2 e6 3. e3 d5 4. Nf3 c5 5. d4 b6 6. Be2 Be7 7. O-O O-O 8. Nbd2 Nbd7 9. c4 Bb7 10. cxd5 exd5 11. Rc1 Rc8 12. dxc5 bxc5 13. Ne5 Nxe5 14.
Bxe5 Bd6 15. Bxd6 Qxd6 16. Bf3 Rfd8 17. Qc2 Qe7 18. Rfd1 g6 19. Nf1 h5 20. h3 Kg7 21.
Qb2 Kh7 22. Qa3 Ba8 23. Rc2 Rc7 24. Rdc1 Rdc8 25. Ng3 Qd6 26. Ne2 Qe7 27. Nf4 Qd6 28.
Nd3 Nd7 29. h4 f6 30. g3 Ne5 31. Nxe5 fxe5 32. Bg2 Qe7 33. Bh3 Rf8 34. Rxc5 Rxc5 35. Qxc5 Qf6 36. Rc2 d4 37. Bg2 Bxg2 38. Kxg2 Qf3+ 39.
Kh2 d3 40. Rd2 e4 41. Qxa7+ Rf7 42. Qd4 g5 43. Qd8 gxh4 44. Qxh4 Rc7 45. Qd8 Rg7 46. a4 Rg6 47. Qe7+ Rg7 48. Qd8 Rg4 49. Qd7+ Kh6 50. Qe6+ Kh7 51. Qe7+ Kh6 52. Qe6+ Kh7 53. Qd7+ Kh6 54.
Qd6+ Kh7 55. Qd7+ 1/2-1/2

[Event "*** SCC Grand Prix: Titled Tuesday Blitz"]
[Site "Chess.com"]
[Date "2020.07.14"]
[Round "3"]
[White "attack2mateU"]
[Black "penguingm1"]
[Result "0-1"]
[WhiteElo "2662"]
[BlackElo "2950"]
[TimeControl "180+1"]
[EndTime "10:29:06 PDT"]
[Termination "penguingm1 won by resignation"]

1. e4 e5 2. Nf3 Nc6 3. Bb5 g6 4.
O-O Bg7 5. c3 a6 6. Ba4 b5 7.
Bb3 Na5 8. d4 exd4 9. cxd4 Ne7 10. Nc3 O-O 11. a4 b4 12. Nd5 Nxd5 13. exd5 d6 14.
Bg5 Qd7 15. Re1 Bb7 16. Rc1 Nxb3 17. Qxb3 Qf5 18. Be7 Rfc8 19. Qxb4 Bxd5 20. Qa5 Be6 21. Qxf5 Bxf5 22. Rc3 h5 23. Rec1 Rab8 24. h3 Rxb2 25.
Bxd6 Ra2 26. Rxc7 Rxc7 27. Rxc7 Rxa4 28. Ra7 Be4 29. Bc5 Ra1+ 30. Kh2 Ra4 31. Ne5 Bd5 32. f3 Bf6 33. Nd7 Bg5 34. Nb6 Bf4+ 35. Kg1 Ra1+ 36. Kf2 Ra2+ 37. Ke1 Bb3 38. Ra8+ Kg7 39. Bf8+ Kf6 40.
Nd7+ Kf5 41. Re8 Bg3+ 42. Kf1 Bc4+ 43. Kg1 Ra1+ 0-1

[Event "*** SCC Grand Prix: Titled Tuesday Blitz"]
[Site "Chess.com"]
[Date "2020.07.14"]
[Round "3"]
[White "annazero"]
[Black "KNCP_719"]
[Result "1-0"]
[WhiteElo "2359"]
[BlackElo "2521"]
[TimeControl "180+1"]
[EndTime "10:29:06 PDT"]
[Termination "annazero won by resignation"]

1. d4 Nf6 2. Nf3 b6 3. Bf4 Bb7 4. e3 g6 5. Nbd2 Bg7 6. h3 O-O 7. Bd3 d6 8. O-O c5 9. c3 Nbd7 10. Bh2 Re8 11. Qc2 e5 12. dxe5 Nxe5 13. Nxe5 dxe5 14.
Rfd1 Qe7 15. e4 Nh5 16. Kh1 Red8 17. Nc4 Nf4 18. Bf1 Rxd1 19. Rxd1 Rd8 20. f3 Nh5 21. Rxd8+ Qxd8 22. Nxe5 Qg5 23. Ng4 Nf4 24. Qd1 h5 25. Nf2 Ne6 26. Bc4 Qe7 27. a4 Bc6 28. e5 Bh6 29. Bb5 Bb7 30. Ne4 Bxe4 31. fxe4 Nf4 32. Qd6 Qg5 33. Bf1 Bg7 34. Qb8+ Kh7 35. Qxa7 Bxe5 36.
Qxf7+ Kh6 37. Qg8 Bg7 38. g3 Nxh3 39. Bxh3 Qc1+ 40. Bg1 Qxb2 41. Be3+ g5 42. Qe6+ Kh7 43. Bf5+ Kh8 44. Qe8+ 1-0

[Event "*** SCC Grand Prix: Titled Tuesday Blitz"]
[Site "Chess.com"]
[Date "2020.07.14"]
[Round "3"]
[White "Haykoooo0o"]
[Black "Cocaino74"]
[Result "1-0"]
[WhiteElo "2524"]
[BlackElo "2336"]
[TimeControl "180+1"]
[EndTime "10:29:06 PDT"]
[Termination "Haykoooo0o won by resignation"]

1. e4 c5 2. Nc3 Nc6 3. Bb5 g6 4. Bxc6 dxc6 5. f4 Bg7 6. Nf3 Nf6 7. d3 O-O 8. O-O b5 9. h3 c4 10. e5 Nd5 11. Ne4 cxd3 12. cxd3 Qb6+ 13. d4 Rd8 14. Nc5 a5 15. Qe2 b4 16. e6 Bxd4+ 17. Nxd4 Qxc5 18. exf7+ Kxf7 19. Qf2 Ne3 20. Bxe3 Qd6 21. f5 Kg8 22. fxg6 Qxg6 23. Nf5 Bxf5 24. Qxf5 Rd3 25. Bc5 Rd2 26. Qxg6+ hxg6 27. Rf2 Rad8 28. Raf1 e5 29. Rxd2 Rxd2 30. Rf2 Rd1+ 31. Kh2 Rc1 32. Bd6 Re1 33. Rc2 Kf7 34.
Bc7 a4 35. b3 axb3 36. axb3 Ke6 37. Rxc6+ Kd5 38. Rc4 e4 39. Bg3 Rb1 40. Rxb4 e3 41. Rb8 e2 42. Re8 Kc6 43. Rxe2 Rxb3 44. Re6+ Kd7 1-0

[Event "*** SCC Grand Prix: Titled Tuesday Blitz"]
[Site "Chess.com"]
[Date "2020.07.14"]
[Round "3"]
[White "zmeeed67"]
[Black "AGW2016"]
[Result "1-0"]
[WhiteElo "2434"]
[BlackElo "2258"]
[TimeControl "180+1"]
[EndTime "10:29:06 PDT"]
[Termination "zmeeed67 won by checkmate"]

1. d4 Nf6 2. c4 g6 3. Nc3 Bg7 4. Nf3 d6 5. Bg5 O-O 6. e3 c5 7. Be2 h6 8. Bh4 cxd4 9. exd4 d5 10. Bxf6 exf6 11. Nxd5 Be6 12. Nc3 f5 13. O-O g5 14. d5 Bd7 15. Re1 Na6 16. Qd2 Nc5 17.
Nd4 Qf6 18. Rad1 Rae8 19. f3 Re7 20. b4 Na4 21. d6 Ree8 22. Nxa4 Bxa4 23. Nb3 f4 24. c5 Re3 25. Bc4 Rfe8 26. Rf1 b5 27. Bd5 Re2 28. Qc1 Rxa2 29. c6 Ree2 30. Rd2 Bxb3 31.
Rxe2 Rxe2 32. Bxb3 Qxd6 33. c7 Bd4+ 34. Kh1 Re8 35.
c8=Q Rxc8 36. Qxc8+ Kg7 37. Qf5 f6 38. h3 Be5 39. Qe4 Qd2 40. Qd5 Qxb4 41. Qg8# 1-0

[Event "*** SCC Grand Prix: Titled Tuesday Blitz"]
[Site "Chess.com"]
[Date "2020.07.14"]
[Round "3"]
[White "GadimbayliA"]
[Black "Ginger_GM"]
[Result "1-0"]
[WhiteElo "2885"]
[BlackElo "2627"]
[TimeControl "180+1"]
[EndTime "10:29:07 PDT"]
[Termination "GadimbayliA won on time"]

1. e4 e6 2. d4 d5 3. Nd2 Nf6 4. e5 Nfd7 5. Bd3 c5 6. c3 Nc6 7. Ndf3 Qa5 8. Kf1 b6 9. Ne2 Ba6 10.
Bxa6 Qxa6 11. g3 cxd4 12. cxd4 Be7 13. Kg2 O-O 14. a3 Na5 15. h4 Rac8 16. Bg5 f6 17. exf6 Bxf6 18. Nf4 b5 19. Qe2 Nb3 20. Rad1 Rfe8 21.
Rhe1 Nf8 22. Bxf6 gxf6 23. Nh5 Kf7 24. Nxf6 Kxf6 25. Qe5+ Ke7 26. Qxd5 Na5 27. Qe4 Kd8 28. d5 Rc4 29. dxe6+ Kc7 30. Qe5+ Kb7 31. Qg7+ Rc7 32.
e7 Ng6 33. Qxh7 Qc6 34. Rc1 Nc4 35. h5 Nxe7 36. b3 Nd5 37. Qd3 Rxe1 38. Rxe1 Nd6 39. Rd1 Nf4+ 40. gxf4 Rg7+ 41. Kf1 Ne4 42. Qd5 Qxd5 43.
Rxd5 Rf7 44. h6 1-0

[Event "*** SCC Grand Prix: Titled Tuesday Blitz"]
[Site "Chess.com"]
[Date "2020.07.14"]
[Round "3"]
[White "ARMQUEEN"]
[Black "Jospem"]
[Result "0-1"]
[WhiteElo "2437"]
[BlackElo "2807"]
[TimeControl "180+1"]
[EndTime "10:29:07 PDT"]
[Termination "Jospem won by checkmate"]

1. e4 e5 2. Nf3 Nc6 3. d4 exd4 4. Nxd4 Nf6 5. Nxc6 bxc6 6. e5 Qe7 7. Qe2 Nd5 8.
h4 d6 9. exd6 cxd6 10. c4 Nb6 11. Be3 Be6 12. Qc2 g6 13. Qc3 f6 14. Nd2 Bg7 15. h5 f5 16. Qa3 O-O 17. hxg6 hxg6 18. g3 Rab8 19. Be2 g5 20. Qd3 Na4 21. Bd4 Nxb2 22. Qc3 Na4 23. Qe3 Bxd4 24. Qxd4 Qf6 25. Qxf6 Rxf6 26. Nf3 g4 27. Nd4 Bd7 28. Rd1 Nc3 29.
Rc1 Ne4 30. Bd3 Re8 31. Kf1 f4 32. gxf4 Rxf4 33. Bxe4 Rfxe4 34. Rd1 g3 35. Rh6 gxf2 36. Kxf2 Rf8+ 37. Kg2 Rg4+ 38. Kh1 Kg7 39. Rh2 c5 40. Nb5 Bc6+ 41. Rd5 Bxd5+ 42. cxd5 Rf1# 0-1

[Event "*** SCC Grand Prix: Titled Tuesday Blitz"]
[Site "Chess.com"]
[Date "2020.07.14"]
[Round "3"]
[White "Lagmantr"]
[Black "catalin009"]
[Result "0-1"]
[WhiteElo "2637"]
[BlackElo "2329"]
[TimeControl "180+1"]
[EndTime "10:29:07 PDT"]
[Termination "catalin009 won by checkmate"]

1. e4 c6 2. d4 d5 3. Nc3 dxe4 4.
Nxe4 Nf6 5. Nxf6+ exf6 6. c3 Bd6 7. Bd3 O-O 8. Qc2 h5 9. Ne2 Re8 10. Be3 Nd7 11. O-O-O Nf8 12. Kb1 Be6 13. h3 Qa5 14. Nc1 h4 15. Nb3 Qc7 16. Rdg1 a5 17. Nc5 Bxc5 18.
dxc5 Nd7 19. c4 Qe5 20. g3 Nxc5 21. Bxc5 Qxc5 22. gxh4 Rad8 23. Ka1 Rd4 24. Rg3 Red8 25. Rhg1 Kf8 26. h5 Bxc4 27. Bxc4 Rxc4 28. Qb1 a4 29. Rxg7 a3 30. Rg8+ Ke7 31. Re1+ Kd7 32. Rd1+ Rd4 33. Rxd8+ Kxd8 34. h6 axb2+ 35. Kxb2 Qb4+ 36. Kc2 Qc4+ 37. Kb2 Qb4+ 38. Ka1 Qc3+ 39. Qb2 Rxd1# 0-1

[Event "*** SCC Grand Prix: Titled Tuesday Blitz"]
[Site "Chess.com"]
[Date "2020.07.14"]
[Round "3"]
[White "Zhuu96"]
[Black "SGchess01"]
[Result "0-1"]
[WhiteElo "2831"]
[BlackElo "2623"]
[TimeControl "180+1"]
[EndTime "10:29:08 PDT"]
[Termination "SGchess01 won by resignation"]

1. e4 Nf6 2. e5 Nd5 3. d4 d6 4.
Nf3 Nb6 5. Bd3 g6 6. h4 Bg4 7. h5 gxh5 8. Nc3 Nc6 9. exd6 Qxd6 10. Ne4 Qd5 11. Be3 O-O-O 12. c3 e5 13. Nf6 Qe6 14. Nxg4 hxg4 15. Ng5 Qd7 16. Qc2 Kb8 17. Bf5 Qe8 18. dxe5 Nc4 19. Bf4 h6 20. Ne4 N4xe5 21. O-O Bg7 22. Rfe1 Nd3 23. Bg3 Nxe1 24. Rxe1 Qf8 25.
b4 h5 26. Nc5 h4 27. Bf4 g3 28.
f3 Bh6 29. Qc1 Bxf4 30. Qxf4 Qd6 31. Qg5 Qd2 32. Qxd2 Rxd2 33. b5 Na5 34. Nd7+ Ka8 35. Ne5 Re8 36. f4 f6 37. Bg6 Re7 38. Nf3 Rxe1+ 39. Nxe1 Nc4 40. Bh5 Ne3 41. Bf3 Rxa2 0-1

[Event "*** SCC Grand Prix: Titled Tuesday Blitz"]
[Site "Chess.com"]
[Date "2020.07.14"]
[Round "3"]
[White "Vesper2018"]
[Black "IMHansNiemann"]
[Result "0-1"]
[WhiteElo "2579"]
[BlackElo "2868"]
[TimeControl "180+1"]
[EndTime "10:29:08 PDT"]
[Termination "IMHansNiemann won on time"]

1. e4 e6 2. d4 d5 3. e5 c5 4. c3 Bd7 5. Nf3 Qb6 6. Be2 Bb5 7. O-O Nc6 8. dxc5 Bxc5 9. b4 Bxe2 10. Qxe2 Be7 11.
Be3 Qc7 12. Nbd2 Nh6 13. Bxh6 gxh6 14. Nb3 Rg8 15. a3 Rc8 16. Rac1 Nd8 17. Nbd2 Bg5 18. c4 Bxd2 19. Nxd2 Nc6 20. f4 Ne7 21. c5 Nf5 22.
Nf3 Ke7 23. Qd3 Rg4 24. Nd4 Nxd4 25. Qxd4 Rcg8 26. Rc2 Qc6 27. Rcf2 Qa4 28. Qd3 Qa6 29. Qxa6 bxa6 30. g3 Rb8 31. Rc1 Rgg8 32. Rfc2 Rgc8 33. Kf2 a5 34. Rb1 Rb5 35. Ke3 axb4 36. axb4 a5 37. Ra2 axb4 38. Ra7+ Kf8 39. f5 exf5 40. Rf1 Rbxc5 41. Rxf5 R5c7 42. Rxc7 Rxc7 43. Kd4 b3 44. Rf1 b2 45. Rb1 Rc2 46. Kxd5 Rxh2 47. Ke4 Kg7 48. Kf4 Kg6 49. Kg4 Rf2 50. Rd1 h5+ 0-1

[Event "*** SCC Grand Prix: Titled Tuesday Blitz"]
[Site "Chess.com"]
[Date "2020.07.14"]
[Round "3"]
[White "Shuvalov"]
[Black "shav3184"]
[Result "1-0"]
[WhiteElo "2491"]
[BlackElo "2276"]
[TimeControl "180+1"]
[EndTime "10:29:08 PDT"]
[Termination "Shuvalov won on time"]

1. Nf3 Nf6 2. c4 g6 3. Nc3 Bg7 4. d4 O-O 5. e4 d6 6. Be2 Nbd7 7.
O-O e5 8. Be3 c6 9. Qc2 Qe7 10.
Rfe1 Re8 11. Rad1 a5 12. h3 Nf8 13. Bf1 Rb8 14. d5 cxd5 15. cxd5 Bd7 16. Bb5 Rec8 17. Qa4 Rxc3 18. bxc3 Bxb5 19. Qxb5 Nxe4 20. Qxa5 f5 21. Nd2 Nf6 22. Nc4 Rc8 23. Nb6 Rc7 24. c4 N8d7 25. f4 Ne4 26. Nxd7 Qxd7 27. Rc1 exf4 28. Bxf4 Bd4+ 29. Kh2 Bc5 30. Qb5 Qg7 31. Qb1 b6 32. Qd3 h6 33. a4 Kh7 34. Ra1 Ra7 35. Bd2 Qe5+ 36. g3 Bd4 37. Ra3 Bc5 38. Raa1 Qf6 39. a5 1-0

[Event "*** SCC Grand Prix: Titled Tuesday Blitz"]
[Site "Chess.com"]
[Date "2020.07.14"]
[Round "3"]
[White "Tekushka"]
[Black "TimKett"]
[Result "0-1"]
[WhiteElo "2357"]
[BlackElo "2148"]
[TimeControl "180+1"]
[EndTime "10:29:09 PDT"]
[Termination "TimKett won on time"]

1. d4 d5 2. c4 e6 3. Nc3 c5 4. cxd5 exd5 5. Nf3 Nc6 6. dxc5 d4 7. Na4 Bxc5 8. Nxc5 Qa5+ 9. Bd2 Qxc5 10. Rc1 Qb6 11. e3 Nge7 12. Bc4 O-O 13. O-O dxe3 14. Bxe3 Qxb2 15.
Bc5 Be6 16. Rb1 Qc3 17. Bxe7 Nxe7 18. Bxe6 fxe6 19. Rxb7 Nd5 20. Qe2 Nf4 21. Qe4 Rad8 22. g3 Qd3 23. Qxd3 Rxd3 24. Ne5 Ne2+ 25. Kg2 Rd5 26. Nc6 Rd2 27. Rxa7 Nc3 28. a4 Ne4 29. a5 Nxf2 30. Ne7+ Kh8 31. g4 g5 32. Rxf2 Rdxf2+ 33. Kg1 Rf1+ 34. Kg2 R8f2+ 35. Kg3 Rf3+ 36. Kg2 R1f2+ 37. Kg1 Ra2 38. Nc6 Rc3 39. Ra8+ Kg7 40. Ra7+ Kh6 0-1

[Event "*** SCC Grand Prix: Titled Tuesday Blitz"]
[Site "Chess.com"]
[Date "2020.07.14"]
[Round "3"]
[White "NormWeinstein"]
[Black "Anton_Demchenko"]
[Result "1-0"]
[WhiteElo "2457"]
[BlackElo "2813"]
[TimeControl "180+1"]
[EndTime "10:29:10 PDT"]
[Termination "NormWeinstein won by resignation"]

1. e4 c6 2. d4 d5 3. exd5 cxd5 4.
c4 Nf6 5. Nc3 Nc6 6. Nf3 a6 7.
cxd5 Nxd5 8. Bc4 Be6 9. Bb3 Na5 10. Bc2 Nxc3 11. bxc3 Bd5 12. O-O e6 13. Ne5 Nc4 14. Bf4 Nxe5 15. Bxe5 Bd6 16. Qh5 Bxe5 17. Qxe5 Qf6 18.
Qxf6 gxf6 19. Bb3 Bc6 20. c4 O-O-O 21. Rad1 Rhe8 22. Rfe1 Kc7 23. f3 b5 24. d5 bxc4 25.
Bxc4 exd5 26. Rxe8 Rxe8 27. Bxd5 Bxd5 28. Rxd5 Re5 29.
Rd2 Kc6 30. Kf2 a5 31. a4 Rc5 32. Rd4 f5 33. Rh4 Kd6 34. Rxh7 Rc2+ 35. Kg3 Rc4 36.
Rxf7 Ke6 37. Ra7 Rxa4 38. h4 Ra1 39. Kf4 a4 40. Ra6+ Kd5 41. Kxf5 Kc5 42. g4 Kb5 43.
Ra8 Rf1 44. f4 Kb4 45. g5 a3 46. h5 Rc1 47. Kg4 Rc5 48. Re8 a2 49. Re1 Kb3 50. Ra1 Kb2 51. Rxa2+ Kxa2 52. h6 Kb3 53. h7 Rc8 54. g6 Kc4 55. g7 Kd4 1-0

[Event "*** SCC Grand Prix: Titled Tuesday Blitz"]
[Site "Chess.com"]
[Date "2020.07.14"]
[Round "3"]
[White "SameerMujumdar"]
[Black "chessablanca"]
[Result "1-0"]
[WhiteElo "2302"]
[BlackElo "2479"]
[TimeControl "180+1"]
[EndTime "10:29:11 PDT"]
[Termination "SameerMujumdar won by resignation"]

1. g3 d5 2. Bg2 c6 3. Nf3 Nf6 4. O-O Nbd7 5. b3 e5 6. d3 Bd6 7. Bb2 O-O 8. e4 Re8 9. Nbd2 Qc7 10. Re1 b6 11. exd5 cxd5 12. c4 d4 13. Nxd4 exd4 14. Rxe8+ Nxe8 15. Bxa8 Bc5 16. Bg2 Ne5 17. Ne4 Bg4 18. f3 Bf5 19. b4 Bxb4 20. Bxd4 Nc6 21. Bb2 Qd7 22. d4 Nd6 23. d5 Na5 24. a3 Bc5+ 25.
Nxc5 bxc5 26. Bc3 Naxc4 27. Qe2 h6 28. Re1 Kh7 29. g4 Bg6 30. h4 h5 31. Bh3 hxg4 32. Bxg4 Bf5 33. Qg2 Qd8 34. Bh3 g6 35. h5 Qh4 36. hxg6+ fxg6 37. Bxf5 Nxf5 38. Re4 Qh6 39.
Rxc4 Ne3 40. Qe2 Qg5+ 41. Kf2 Nxc4 42. Qxc4 Qf5 43. Qe4 Qg5 44. d6 Kh6 45. Qe3 1-0

[Event "*** SCC Grand Prix: Titled Tuesday Blitz"]
[Site "Chess.com"]
[Date "2020.07.14"]
[Round "3"]
[White "MuradNuri"]
[Black "AurumO"]
[Result "1-0"]
[WhiteElo "2447"]
[BlackElo "1981"]
[TimeControl "180+1"]
[EndTime "10:29:11 PDT"]
[Termination "MuradNuri won on time"]

1. e4 c5 2. Nf3 Nc6 3. d4 cxd4 4. Nxd4 g6 5. Nc3 Bg7 6. Nb3 Nf6 7. Be2 d6 8. O-O O-O 9. Re1 a6 10. Bg5 Be6 11.
Bf1 Qc7 12. Qd2 Rfd8 13. Nd5 Bxd5 14. exd5 Ne5 15. c3 h6 16. Bh4 Re8 17. Rad1 Rac8 18. Nc1 b5 19. Nd3 Nc4 20. Qe2 Nxd5 21. Qf3 Nf6 22.
b3 Ne5 23. Nxe5 dxe5 24. c4 e4 25. Qh3 b4 26. Bg3 Qc5 27. Bf4 g5 28. Be3 Qc6 29.
Qf5 e6 30. Qa5 Ng4 31. Bd4 e5 32. Bb2 Qf6 33. Re2 Qf4 34. g3 Qf3 35. Qd5 Rcd8 36.
Qxd8 Rxd8 37. Rxd8+ Kh7 38. Rc2 e3 39. fxe3 Nxe3 40.
Rf2 Qe4 41. Bd3 Qxd3 42. Rxd3 Ng4 43. Rxf7 Kg6 44. Rdd7 e4 45. Rxg7+ Kf5 46. Rd5+ Ke6 47. Rg6+ Ke7 48. Rxa6 e3 49. c5 e2 50. Re5+ Nxe5 51. Kf2 Nd3+ 52. Kxe2 Nxb2 53. Rxh6 1-0

[Event "*** SCC Grand Prix: Titled Tuesday Blitz"]
[Site "Chess.com"]
[Date "2020.07.14"]
[Round "3"]
[White "rasmussvane"]
[Black "Shubinkirill2003"]
[Result "1/2-1/2"]
[WhiteElo "2883"]
[BlackElo "2639"]
[TimeControl "180+1"]
[EndTime "10:29:13 PDT"]
[Termination "Game drawn by repetition"]

1. Nf3 Nf6 2. g3 b5 3. d4 Bb7 4. Bg2 e6 5. Bg5 c5 6. c3 cxd4 7. cxd4 Be7 8. Qd3 a6 9. O-O O-O 10. Bxf6 Bxf6 11. Ng5 Bxg5 12. Bxb7 Ra7 13. Bg2 d5 14.
Nc3 Nc6 15. Rad1 f5 16. e3 Qd6 17. Rc1 Na5 18. Ne2 Rc7 19. Rxc7 Qxc7 20. Rc1 Qd6 21. Qc3 b4 22. Qc5 Qxc5 23. Rxc5 Bd8 24. Nc1 Bb6 25. Rc2 g5 26. Bf1 f4 27. Nd3 fxe3 28.
fxe3 Nc4 29. Bh3 Nxe3 30. Bxe6+ Kg7 31. Rf2 Bxd4 32. Rxf8 Kxf8 33. Kf2 a5 34. Ke2 Ke7 35. Bg8 h5 36. h3 h4 37. gxh4 gxh4 38. b3 Kd6 39.
Nf4 Bb6 40. Kd3 d4 41. Ng6 Nf5 42. Nf4 Ne3 43. Ng6 Nf5 44. Nf4 Ne3 1/2-1/2

[Event "*** SCC Grand Prix: Titled Tuesday Blitz"]
[Site "Chess.com"]
[Date "2020.07.14"]
[Round "3"]
[White "allvim"]
[Black "Airquake"]
[Result "0-1"]
[WhiteElo "2247"]
[BlackElo "2608"]
[TimeControl "180+1"]
[EndTime "10:29:13 PDT"]
[Termination "Airquake won on time"]

1. e4 g6 2. d4 Bg7 3. Nf3 e6 4. Nc3 Ne7 5. Bd3 O-O 6. O-O b6 7. Be3 Bb7 8. Qd2 d6 9. Bh6 Nd7 10. Bxg7 Kxg7 11. a4 a5 12. Rfe1 e5 13. d5 f5 14. Ng5 Nc5 15. f3 f4 16. Nh3 Ng8 17.
Ne2 g5 18. g4 fxg3 19. Nxg3 Bc8 20. Qxg5+ Qxg5 21. Nxg5 h6 22. Ne6+ Bxe6 23. dxe6 Nxd3 24. cxd3 Rxf3 25. Nf5+ Kf6 26. Rac1 Ra7 27. Rf1 Rxf1+ 28. Rxf1 Kxe6 29. Ng7+ Ke7 30. Nf5+ Kd7 31. Kf2 Nf6 32. Rg1 Nh5 33. Rg6 Nf4 34. Rg7+ Kc6 35. Ke3 Kc5 36.
Rh7 h5 37. Ne7 c6 38. Kf3 Ng6 39. Ke3 Rxe7 40. Rxh5 Rf7 41. Rg5 Ne7 42. Rg8 Nxg8 0-1